 Dungeon Crawl Stone Soup version 0.21-a0-578-gc6e9d75 (webtiles) character file.

32 4thArraOfDagon the Skirmisher (level 3, 0/33 HPs)
             Began as a Minotaur Abyssal Knight on Dec 18, 2017.
             Was a Follower of Lugonu.
             Succumbed to an adder's poison
             ... on level 2 of the Dungeon.
             The game lasted 00:01:28 (516 turns).

4thArraOfDagon the Skirmisher (MiAK)                 Turns: 516, Time: 00:01:28

Health: 0/33       AC:  6    Str: 16    XL:     3   Next: 10%
Magic:  3/3        EV:  9    Int: 10    God:    Lugonu [*.....]
Gold:   24         SH:  0    Dex:  9    Spells: 2/2 levels left

rFire    . . .     SeeInvis .   a - +1 falchion
rCold    . . .     Gourm    .   (no shield)
rNeg     . . .     Faith    .   f - +0 scale mail
rPois    .         Spirit   .   (helmet restricted)
rElec    .         Reflect  .   (no cloak)
rCorr    +         Harm     .   (no gloves)
MR       .....                  (no boots)
Stlth    ..........             (no amulet)
HPRegen  0.11/turn              e - ring of resist corrosion
MPRegen  0.08/turn              (no ring)

@: lethally poisoned (0 -> -13)
A: retaliatory headbutt, horns 2
a: Depart the Abyss, Renounce Religion


You were on level 2 of the Dungeon.
You worshipped Lugonu.
Lugonu was aware of your devotion.
You were not hungry.

You visited 1 branch of the dungeon, and saw 3 of its levels.
You visited the Abyss 1 time.

You collected 24 gold pieces.

Inventory:

Hand Weapons
 a - a +1 falchion (weapon)
Armour
 b - a +0 leather armour
 f - a +0 scale mail (worn)
Jewellery
 e - a ring of resist corrosion (left hand)
Scrolls
 d - 2 scrolls of identify {unknown}
Comestibles
 c - 3 rations


   Skills:
 + Level 4.3 Fighting
 * Level 3.0 Long Blades
 + Level 2.8 Armour
 + Level 1.4 Dodging
 + Level 2.0 Invocations


You had 2 spell levels left.
You didn't know any spells.

Dungeon Overview and Level Annotations

Branches:
Dungeon (3/15)

Altars:

Annotations:
D:2 Robin


Innate Abilities, Weirdness & Mutations

You reflexively headbutt those who attack you in melee.
You have a pair of horns on your head.


Message History

Your Long Blades skill increases to level 3!
You have reached level 3!
Your experience leads to an increase in your attributes!
Increase (S)trength, (I)ntelligence, or (D)exterity?
You feel clever.
* * * LOW HITPOINT WARNING * * *
You feel sick.
You aren't carrying any potions.
You aren't carrying any potions.
You aren't carrying any potions.
Unknown command.
A kobold comes into view.
* * * LOW HITPOINT WARNING * * *
You feel sick.
The kobold shouts!
You hear a shout!
You hear a bark!
The kobold throws a stone.
The stone hits you but does no damage.
Found 8 gold pieces.
You see here a stone.
A goblin comes into view. It is wielding a club.
You die...

#.##......(....
#....>.......#.
#......#.....##
#......#.....# ?#####
###......#...?.##
.?....##.w......#.....##
#......#.##.....#.g....g
#...#(#......#..(...g
#..@...............#
#...........##....#.#
g.K........##.......##.#
#$#........##..(........
# #........#............
#.........#..........##
...####.#.##g...........
### ###.#...............
#.....g.............


You could see a worm, a goblin (wandering) and a kobold.

Vanquished Creatures
  An adder (D:2)
  A dart slug (D:1)
  A leopard gecko (D:3)
  3 goblins
  A hobgoblin (D:2)
  3 jackals (D:1)
  5 bats
  4 frilled lizards
  A kobold (D:3)
20 creatures vanquished.

Notes
Turn   | Place    | Note
-------+----------+-------------------------------------------
     0 | Abyss:1  | 4thArraOfDagon the Minotaur Abyssal Knight began the quest for the Orb.
     0 | Abyss:1  | Reached XP level 1. HP: 19/19 MP: 1/1
    24 | Abyss:1  | Noticed a rakshasa
    27 | Abyss:1  | Noticed a ynoxinul
    30 | Abyss:1  | Noticed a spatial maelstrom
    30 | Abyss:1  | Noticed a spatial vortex
    32 | D:1      | Escaped the Abyss
    84 | D:1      | Reached skill level 4 in Fighting
   121 | D:1      | Reached XP level 2. HP: 27/27 MP: 2/2
   127 | D:1      | Reached * piety under Lugonu
   147 | D:1      | You fall through a shaft!
   147 | D:2      | Noticed Robin
   514 | D:2      | Reached XP level 3. HP: 4/33 MP: 3/3
   516 | D:2      | Succumbed to an adder's poison

Vault maps used:
D:1:      minmay_arrival_doors, minmay_misc_feat_square
D:2:      first_ration, minmay_hexomino_u4, uniq_robin
D:3:      minitemple, nemelex_xobeh_ov_fountains_minmay

Skill      XL: |  1  2 |
---------------+-------+-----
Fighting       | 4 |  4.3
Invocations    | 2 |  2.0
Long Blades    | 3 |  3.0
Armour         | |  2.8
Dodging        | |  1.4

Action                   || total
-------------------------++-------
Melee: Falchion          ||    51
       Headbutt          ||     7
Invok: Depart the Abyss  ||     1
  Use: Potion            ||     1
Armor: Scale mail        ||    53
Dodge: Dodged            ||    47
       Rpst.: Falchion   ||    11

Table legend:
 A = Spawn XP
 B = Non-spawn XP
 C = Spawn XP percentage of total XP
 D = Spawn monster count
 E = Non-spawn monster count
 F = Spawn count percentage of total count
 G = Total turns spent on level
                    A         B        C        D         E        F      G
               +---------+---------+-------+---------+---------+-------+---------
         Total |       0 |      47 |   0.0 |       0 |      20 |   0.0 |   516
               +---------+---------+-------+---------+---------+-------+---------
           D:1 |       0 |      16 |   0.0 |       0 |       8 |   0.0 |   115
           D:2 |       0 |      21 |   0.0 |       0 |       6 |   0.0 |    76
           D:3 |       0 |      10 |   0.0 |       0 |       6 |   0.0 |   293
               +---------+---------+-------+---------+---------+-------+---------
